 Dungeon Crawl Stone Soup version 0.31-a0-175-g9f7f995f2b (webtiles) character file.

Game seed: 6271388797717769548

201 BrainTurd the Grasshopper (level 5, 0/25 HPs)
             Began as a Spriggan Warper on June 13, 2023.
             Slain by a quokka (4 damage)
             ... on level 4 of the Dungeon on June 17, 2023.
             The game lasted 00:29:46 (3965 turns).

BrainTurd the Grasshopper (Spriggan Warper)         Turns: 3965, Time: 00:29:48

Health: 0/25       AC:  2    Str:  7    XL:     5   Next: 50%
Magic:  6/10       EV: 18    Int: 15    God:
Gold:   230        SH:  0    Dex: 16    Spells: 0/9 levels left

rFire   . . .        s - +0 rapier
rCold   . . .        (no shield)
rNeg    + . .        b - +0 robe
rPois   .            (helmet restricted)
rElec   .            (no cloak)
rCorr   .            (gloves unavailable)
SInv    +            (boots unavailable)
Will    .....        (no amulet)
Stlth   ++           q - ring of positive energy
HPRegen 0.24/turn    (no ring)
MPRegen 0.12/turn

%: no passive effects
@: very quick
A: very small, no large weapons, unfitting armour, see invisible, speed 3
a: no special abilities


You were on level 4 of the Dungeon.
You visited 1 branch of the dungeon, and saw 4 of its levels.

You collected 230 gold pieces.

Inventory:

Hand Weapons
 s - a +0 rapier (weapon)
Missiles
 d - 3 boomerangs of dispersal
 t - 13 stones (quivered)
Armour
 b - a +0 robe (worn)
Magical Staves
 g - a staff of air
Jewellery
 o - a ring of ice
 q - a ring of positive energy (left hand)
Scrolls
 a - a scroll of butterflies {unknown}
 c - 2 scrolls of blinking
 e - 2 scrolls of identify {unknown}
 f - a scroll of vulnerability {unknown}
 h - 4 scrolls of fear {unknown}
 j - a scroll of silence {unknown}
 k - a scroll of poison {unknown}
 l - a scroll of brand weapon {unknown}
 r - a scroll of fog {unknown}
Potions
 i - a potion of enlightenment {unknown}
 m - a potion of brilliance {unknown}
 p - a potion of haste


   Skills:
 - Level 1.5 Fighting
 * Level 3.9 Short Blades
 - Level 1.0 Throwing
 + Level 3.2 Dodging
 - Level 0.2 Stealth
 - Level 2.6 Spellcasting
 + Level 7.9 Translocations


You couldn't memorise any spells.
You knew the following spells:

 Your Spells              Type           Power      Damage    Failure   Level
a - Manifold Assault      Tloc           25%        N/A       8%          4
b - Blink                 Tloc           50%        N/A       1%          2
c - Teleport Other        Tloc           25%        N/A       2%          3

Your spell library contained the following spells:

 Spells                   Type           Power      Damage    Failure   Level
 Lesser Beckoning         Tloc           50%        N/A       1%          2
 Vhi's Electric Charge    Tloc/Air       26%        N/A       12%         3
 Scorch                   Fire           4%         2d5       30%         2
 Flame Wave               Conj/Fire      2%         2d4       90%         4
 Summon Cactus Giant      Summ           1%         N/A       100%        6


Dungeon Overview and Level Annotations

Branches:
Dungeon (4/15)
 Temple: D:4-7

Altars:
Uskayaw

Shops:
D:4 :

Annotations:
D:4 1 runed translucent door, mandarbmax's ghost, amateur DEHs


Innate Abilities, Weirdness & Mutations

You are very small and have problems with some larger weapons.
You are too small for most types of armour.
You have supernaturally acute eyesight. (SInv)
You cover ground extremely quickly. (Speed+++)


Message History

There is an entrance to Hyqy's Book Emporium here.
This spell is dangerous to cast!
Memorise Teleport Other, consuming 3 spell levels and leaving 0?
You start memorising the spell.
You continue memorising. x3
You finish memorising.
Spell assigned to 'c'.
Found an escape hatch in the floor.
Found a spear.
You now have 225 gold pieces (gained 9).
There is an escape hatch in the floor here.
You now have 230 gold pieces (gained 5).
A quokka comes into view.
A quokka is nearby!
A quokka comes into view.
Found a scroll labelled FISOH COHIDIKU.
The gnoll shouts!
The quokka closely misses you.
A quokka comes into view.
The gnoll drinks a potion.
The gnoll seems to speed up.
You closely miss the quokka.
The quokka twitches its whiskers.
The quokka bites you. x2
You hit the quokka.
The quokka is severely wounded.
The quokka misses you. The quokka bites you.
A kobold comes into view. It is wielding a +0 club.
The quokka misses you.
You closely miss the quokka.
The quokka is severely wounded.
The quokka barely misses you. The quokka completely misses you.
Casting: Manifold Assault (extremely dangerous; 8% risk of failure)
Confirm with . or Enter, or press ? or * to list all spells.
The spell is extremely dangerous to miscast (8% risk of failure)!
Continue anyway?
Space momentarily warps into an impossible shape!
You miss the quokka. x2; You hit the kobold.
You kill the kobold!
The quokka bites you. The quokka closely misses you.
The gnoll hits you from afar with a +0 halberd!
* * * LOW HITPOINT WARNING * * *
The quokka bites you.
You die...

.#.....## ......?.##
.........# .........#
.........# .........#
......r..######
......r@.##...#
....r....##...#
.....g........# .
.)............# .#
.........#...>##
####..#
#.......#####..###....#
.#.....######......# ..
## #...#..........#..#
#. ..
>.##..##.......##.## #


You could see a gnoll (fast) and 3 quokkas.

Vanquished Creatures
  A hound (D:4)
  An orc wizard (D:4)
  3 gnolls
  3 adders
  A worm (D:2)
  3 dart slugs
  5 orcs
  9 bats
  5 endoplasms
  2 giant cockroaches
  7 goblins
  3 hobgoblins
  6 jackals
  5 quokkas
  4 ball pythons
  2 frilled lizards (D:2)
  17 kobolds
77 creatures vanquished.

Notes
Turn   | Place    | Note
-------+----------+-------------------------------------------
     0 | D:1      | BrainTurd the Spriggan Warper began the quest for the Orb.
     0 | D:1      | Reached XP level 1. HP: 10/10 MP: 5/5
     0 | D:1      | Upgraded the game from 0.31-a0-161-gb58dd9be76 to
                  | 0.31-a0-164-g2312942fda
   265 | D:1      | Reached skill level 5 in Translocations
   324 | D:1      | Reached XP level 2. HP: 12/14 MP: 6/6
   732 | D:2      | Reached skill level 6 in Translocations
   885 | D:2      | Reached XP level 3. HP: 18/18 MP: 8/8
   937 | D:1      | Upgraded the game from 0.31-a0-164-g2312942fda to
                  | 0.31-a0-175-g9f7f995f2b
  1347 | D:2      | Found a hide-covered altar of Uskayaw.
  1687 | D:2      | Found a faded altar of an unknown god.
  1867 | D:3      | Reached skill level 7 in Translocations
  1940 | D:3      | Reached XP level 4. HP: 22/22 MP: 9/9
  1945 | D:3      | Learned a level 4 spell: Manifold Assault
  3395 | D:4      | Learned a level 2 spell: Blink
  3464 | D:4      | Reached XP level 5. HP: 4/25 MP: 2/10
  3592 | D:4      | Noticed mandarbmax's ghost (amateur DEHs)
  3594 | D:4      | Found a runed translucent door.
  3920 | D:4      | Found Hyqy's Book Emporium.
  3933 | D:4      | Learned a level 3 spell: Teleport Other
  3965 | D:4      | Slain by a quokka

Illustrated notes

Levels and vault maps discovered:
D:1:      mushboom_english_gardens, layout_basic
D:2:      layout_loops_ring, shapermc_ecumenical_altar_mp_vishouse, basic_altar
D:3:      layout_loops_corners, minivault_25, chequers_garden
D:4:      layout_rooms, okawaru_altar_gauntlet_db, serial_shops, shop,
          hellmonk_ghost_happy_afterlife, hangedman_decor_opposing

Skill      XL: |  1  2  3  4 |
---------------+-------------+-----
Translocations | 5 6 7 |  7.9
Short Blades   | 3 |  3.9
Fighting       | |  1.5
Throwing       | |  1.0
Dodging        | |  3.2
Stealth        | |  0.2
Spellcasting   | |  2.6

Action                     |  1- 3 |  4- 6 || total
---------------------------+-------+-------++-------
  Melee: Short sword       |   250 |    39 ||   289
         Punch             |     2 |       ||     2
         Rapier            |       |   126 ||   126
  Throw: Boomerang         |     3 |     1 ||     4
         Stone             |       |     3 ||     3
   Cast: Manifold Assault  |       |     7 ||     7
    Use: Potion            |       |     2 ||     2
   Stab: Sleeping          |       |     1 ||     1
 Armour: Robe              |    39 |    12 ||    51
  Dodge: Dodged            |   255 |   146 ||   401

Table legend: (Time is in decaauts)
 A = Elapsed time spent in this place.
 B = Non-inter-level travel time spent in this place.
 C = Inter-level travel time spent in this place.
 D = Time resting spent in this place.
 E = Time spent auto-exploring this place.
 F = Levels seen in this place.
 G = Mean time per level.
                   A        B        C        D        E       F      G
               +--------+--------+--------+--------+--------+-----+--------+
         Total |   2857 |   2618 |    239 |    291 |   1456 |   4 |  714.2 |
       Dungeon |   2857 |   2618 |    239 |    291 |   1456 |   4 |  714.2 |
               +--------+--------+--------+--------+--------+-----+--------+

Top non-repeatable levels by time:
     D:3: 1095 daAuts
     D:2: 849 daAuts
     D:1: 463 daAuts
     D:4: 449 daAuts
